 Dungeon Crawl Stone Soup version 0.21.0-24-g2553a33 (webtiles) character file.

54 Plasmagod the Ruffian (level 3, -2/28 HPs)
             Began as a Draconian Transmuter on Jan 21, 2018.
             Slain by Crazy Yiuf
             ... wielding a +2 quarterstaff of chaos
              (10 damage)
             ... on level 2 of the Dungeon.
             The game lasted 00:05:09 (1215 turns).

Plasmagod the Ruffian (Draconian Transmuter)        Turns: 1215, Time: 00:05:09

Health: -2/28      AC:  5    Str: 12    XL:     3   Next: 66%
Magic:  0/6        EV: 18    Int: 14    God:
Gold:   54         SH:  0    Dex: 16    Spells: 3/6 levels left

rFire    . . .     SeeInvis .     - Unarmed
rCold    . . .     Gourm    .   (no shield)
rNeg     . . .     Faith    .   (armour unavailable)
rPois    .         Spirit   .   (helmet restricted)
rElec    .         Reflect  .   (no cloak)
rCorr    .         Harm     .   (no gloves)
MR       .....                  (boots currently unavailable)
Stlth    ++........             (no amulet)
HPRegen  0.09/turn              (no ring)
MPRegen  0.10/turn              (no ring)

@: agile, appendage, very slightly contaminated
A: unfitting armour, talons 3, cold-blooded, AC +5
a: End Transformation


You were on level 2 of the Dungeon.
You were not hungry.
You had grown temporary talons.
You visited 1 branch of the dungeon, and saw 2 of its levels.

You collected 54 gold pieces.

Inventory:

Missiles
 a - 10 arrows (quivered)
Scrolls
 f - 2 scrolls of remove curse {unknown}
 k - a scroll of fear {unknown}
 l - a scroll of enchant weapon {unknown}
Potions
 e - a potion of brilliance {unknown}
 g - a potion of agility
 h - a potion of resistance {unknown}
 i - a potion of degeneration {unknown}
 j - 2 potions of heal wounds {unknown}
 m - 3 potions of invisibility {unknown}
Books
 b - a book of Changes

   Spells                             Type                      Level
   a - Beastly Appendage              Transmutation                1
   b - Sticks to Snakes               Transmutation                2
   c - Spider Form                    Transmutation/Poison         3
   d - Ice Form                       Ice/Transmutation            4
   e - Blade Hands                    Transmutation                5
Comestibles
 c - 2 rations
 d - 5 chunks of flesh


   Skills:
 + Level 1.1 Fighting
 + Level 2.0 Dodging
 * Level 4.3 Unarmed Combat
 + Level 2.0 Spellcasting
 + Level 2.2 Transmutations


You had 3 spell levels left.
You knew the following spells:

 Your Spells              Type           Power        Failure   Level  Hunger
a - Beastly Appendage     Tmut           #.....       10%         1    ##.....
b - Sticks to Snakes      Tmut           #.......     14%         2    ###....


Dungeon Overview and Level Annotations

Branches:
Dungeon (2/15)

Altars:
Elyvilon
Ru

Annotations:
D:2 Crazy Yiuf


Innate Abilities, Weirdness & Mutations

Your plain brown scales are hard. (AC +5)
You cannot fit into any form of body armour.
You are cold-blooded and may be slowed by cold attacks.
You have claws for feet.


Message History

Your ball python barely misses Crazy Yiuf.
Your ball python constricts Crazy Yiuf.
Crazy Yiuf hits your ball python with a quarterstaff of chaos!
Crazy Yiuf burns your ball python.
Your ball python dies!
Your ball python closely misses Crazy Yiuf. x2
Crazy Yiuf hits your ball python with a quarterstaff of chaos!
Your ball python seems to slow down.
Crazy Yiuf freezes your ball python.
Your ball python dies!
Okay, then.
Casting: Sticks to Snakes
Confirm with . or Enter, or press ? or * to list all spells.
Your feet morph into talons.
It was a potion of agility.
You feel agile all of a sudden.
Crazy Yiuf hits you with a quarterstaff of chaos!
* * * LOW HITPOINT WARNING * * *
You are electrocuted!
You die...

###......).######.
#.................
#.#..####....####
#.#### ##..## #.#
♣....♣ #.# ♣♣...♣
#.# ♣♣.♣♣ #.# ♣♣.♣
#.# ♣@♣♣ #.# ♣♣g♣
#.# ♣.♣♣ #.# #'#
#.# ... #.# #...#
#.# #)..# #.#
##### #.#


You could see Crazy Yiuf.

Vanquished Creatures
  An adder skeleton (D:2)
  2 worms (D:2)
  2 dart slugs (D:1)
  5 giant cockroaches
  7 goblins
  3 hobgoblins (D:1)
  3 jackals (D:1)
  5 bats
  3 frilled lizards
  2 kobolds (D:1)
  7 rats
40 creatures vanquished.

Notes
Turn   | Place    | Note
-------+----------+-------------------------------------------
     0 | D:1      | Plasmagod the Draconian Transmuter began the quest for the Orb.
     0 | D:1      | Reached XP level 1. HP: 16/16 MP: 3/3
    57 | D:1      | Reached XP level 2. HP: 18/23 MP: 3/5
   346 | D:1      | Reached XP level 3. HP: 24/28 MP: 4/6
   491 | D:1      | Reached skill level 4 in Unarmed Combat
   727 | D:2      | Found a sacrificial altar of Ru.
  1048 | D:2      | Found a white marble altar of Elyvilon.
  1191 | D:2      | Found a runed door.
  1195 | D:2      | Learned a level 2 spell: Sticks to Snakes
  1203 | D:2      | Noticed Crazy Yiuf
  1215 | D:2      | Slain by Crazy Yiuf

Skill      XL: |  1  2  3 |
---------------+----------+-----
Dodging        | 2 |  2.0
Unarmed Combat | 4 |  4.3
Fighting       | |  1.1
Spellcasting   | |  2.0
Transmutations | |  2.2

Action                   || total
-------------------------++-------
Melee: Unarmed           ||   126
       Tailslap          ||    16
       Headbutt          ||     5
       Punch             ||     2
       Kick              ||     7
 Cast: Beastly Appendage ||    24
       Sticks to Snakes  ||     2
  Use: Potion            ||     1
  Eat: Chunk             ||     2
Armor: Skin              ||    28
Dodge: Dodged            ||    67
